Map: Orbital Shipyard

Players

Petraeus

  • Race: Zerg Zerg
  • League: Grandmaster

iaguz - Winner!

  • Race: Terran Terran

Event: 2016 WCS Winter Challenger Oceania SEA

VOD

Have the link to the VOD?

Description

Time

  • Played on: Feb. 13, 2016, 8:52 p.m.
  • Length: 10:14

All games in this series

Show
View Real Time Build Order
Export as new Build Order

Petraeus Zerg 

Build Orders: Hatch First 

Get SALT Encoding   

  12  0:00  Drone  
  13  0:08  Drone  
  14  0:16  Overlord  
  14  0:22  Extractor  
  14  0:23  Drone  
  15  0:35  Drone x2  
  17  0:52  Hatchery  
  17  0:54  Drone  
  17  0:57  Drone  
  18  1:08  Extractor  
  17  1:12  Spawning Pool  
  17  1:15  Drone  
  17  1:18  Drone  
  18  1:27  Drone  
  19  1:37  Overlord  
  19  1:48  Drone  
  20  1:58  Queen  
  20  1:59  Zergling x2  
  23  2:03  Queen  
  23  2:04  Zergling x2  
  26  2:08  Metabolic Boost  
  26  2:10  Drone  
  27  2:19  Drone  
  27  2:20  Drone  
  29  2:27  Drone  
  30  2:35  Spore Crawler  
  30  2:36  Drone  
  30  2:39  Queen  
  32  2:44  Overlord  
  32  2:50  Zergling x2  
  33  2:54  Zergling x4  
  35  3:04  Zergling x2  
  35  3:05  Overlord  
  34  3:10  Queen  
  34  3:11  Zergling x6  
  39  3:16  Zergling x8  
  43  3:23  Queen  
  43  3:25  Zergling x2  
  45  3:34  Drone  
  45  3:35  Drone  
  45  3:36  Drone  
  48  3:45  Hatchery  
  48  3:47  Drone  
  49  3:48  Drone  
  49  3:52  Drone x2  
  47  4:00  Lair  
  47  4:02  Drone  
  48  4:03  Drone, Extractor  
  48  4:05  Drone  
  48  4:08  Drone  
  50  4:11  Overlord  
  50  4:14  Drone  
  51  4:31  Drone x3  
  51  4:32  Extractor x2  
  51  4:33  Drone x2  
  51  4:35  Overlord  
  54  4:40  Drone x3  
  54  4:42  Drone  
  54  4:44  Spine Crawler  
  54  4:45  Drone  
  57  4:55  Drone  
  57  4:58  Drone x2  
  60  5:02  Spire  
  60  5:04  Drone x2  
  60  5:06  Queen  
  63  5:10  Drone  
  63  5:11  Drone  
  63  5:13  Overseer  
  65  5:15  Drone x2  
  65  5:19  Drone  
  68  5:29  Drone x3  
  68  5:32  Overlord  
  68  5:33  Overlord, Spore Crawler  
  68  5:34  Drone  
  71  5:39  Drone x3  
  75  5:43  Overlord x3  
  75  5:53  Drone  
  75  5:54  Drone x3  
  75  5:55  Overlord  
  78  6:03  Drone  
  75  6:14  Hatchery  
  75  6:15  Mutalisk x5  
  75  6:16  Mutalisk  
  75  6:17  Mutalisk  
  88  6:19  Mutalisk  
  88  6:23  Drone, Extractor x2  
  88  6:24  Drone x2  
  91  6:28  Roach Warren  
  91  6:30  Evolution Chamber  
  89  6:32  Evolution Chamber  
  89  6:35  Zerg Flyer Weapons Level 1, Drone x2  
  89  6:39  Drone x2, Overseer  
  92  6:42  Pneumatized Carapace  
  92  6:43  Drone  
  92  6:44  Drone  
  94  6:49  Zergling x6  
  94  6:50  Zergling x4  
  94  6:53  Drone  
  101  6:54  Drone  
  101  6:59  Overlord x2  
  101  7:00  Zerg Missile Weapons Level 1  
  101  7:04  Drone  
  101  7:05  Zerg Ground Armor Level 1  
  101  7:08  Glial Reconstitution  
  102  7:17  Roach x2  
  102  7:18  Roach x4  
  114  7:23  Drone  
  114  7:27  Infestation Pit  
  113  7:30  Roach x4  
  113  7:34  Roach  
  113  7:36  Drone x6  
  122  7:47  Roach x3  
  122  7:49  Roach x2  
  126  7:54  Ravager x3  
  126  7:57  Drone  
  126  7:58  Drone x5  
  133  8:04  Extractor  
  133  8:05  Extractor  
  131  8:06  Ravager x2  
  131  8:07  Zergling x2, Ravager  
  135  8:15  Overlord x3  
  135  8:16  Hive  
  135  8:23  Hatchery  
  134  8:28  Zergling x2  
  135  8:34  Zergling x2  
  135  8:35  Roach x9  
  135  8:36  Roach  
  135  8:37  Roach x4  
  135  8:38  Zergling x4  
  159  8:48  Zergling x2  
  160  8:50  Overlord x3  
  160  8:55  Overlord  
  160  8:56  Overlord  
  160  9:07  Overlord  
  161  9:10  Ravager x4  
  161  9:12  Zergling x10, Roach x2  
  161  9:13  Zergling x6  
  161  9:14  Overlord x2  
  176  9:23  Roach  
  176  9:24  Roach  
  179  9:28  Roach x2  
  179  9:30  Roach x2  
  183  9:33  Roach x2  
  183  9:36  Roach x2  
  191  9:39  Roach  
  191  9:40  Roach  
  191  9:42  Roach  
  191  9:45  Roach x2  
  192  9:47  Hatchery  
  192  9:50  Roach x2  
  192  9:51  Roach  
  165  9:54  Roach  
Show
View Real Time Build Order
Export as new Build Order

iaguz Terran - Winner!

Build Orders: Bio Tank 

Get SALT Encoding   

  12  0:00  SCV  
  13  0:13  SCV  
  14  0:17  Supply Depot  
  14  0:25  SCV  
  15  0:28  Refinery  
  15  0:39  SCV  
  16  0:45  Barracks  
  16  0:51  SCV  
  17  1:03  SCV  
  18  1:06  Barracks  
  18  1:15  SCV  
  20  1:33  Reaper  
  20  1:34  Orbital Command  
  20  1:40  Supply Depot  
  20  1:53  Reaper  
  21  2:00  SCV  
  22  2:05  Reaper  
  23  2:11  Command Center  
  23  2:14  SCV  
  24  2:19  Refinery  
  24  2:26  SCV, Reaper  
  26  2:38  SCV, Reaper  
  28  2:50  SCV  
  29  2:58  Reaper  
  30  3:00  Command Center  
  30  3:08  SCV  
  30  3:10  Factory  
  31  3:23  SCV  
  33  3:27  Orbital Command  
  33  3:35  Barracks Reactor, SCV  
  33  3:36  Barracks Tech Lab  
  33  3:47  SCV  
  34  3:55  SCV  
  34  3:59  SCV, Marine  
  34  4:00  Stimpack  
  36  4:05  Factory Tech Lab  
  36  4:07  SCV  
  37  4:11  SCV  
  37  4:12  Marine x2  
  37  4:13  Bunker  
  37  4:14  Orbital Command  
  40  4:19  SCV, Marine  
  40  4:24  SCV  
  43  4:27  Siege Tank  
  47  4:31  SCV  
  47  4:32  Marine x2  
  47  4:36  SCV, Marine  
  51  4:40  SCV  
  51  4:43  SCV  
  53  4:48  SCV  
  53  4:50  Refinery  
  53  4:51  Refinery  
  56  4:53  SCV  
  56  4:55  SCV  
  59  5:00  SCV  
  59  5:01  Engineering Bay  
  59  5:04  Engineering Bay  
  59  5:05  SCV  
  61  5:07  Supply Depot, SCV  
  61  5:09  Supply Depot  
  61  5:13  Marine x2  
  61  5:15  Marine  
  61  5:16  Siege Tank, SCV  
  61  5:17  SCV  
  61  5:19  SCV  
  68  5:28  SCV  
  69  5:29  Terran Infantry Weapons Level 1, Terran Infantry Armor Level 1  
  69  5:31  SCV  
  69  5:32  Supply Depot  
  69  5:34  Supply Depot x2, Orbital Command  
  70  5:39  Marine x3  
  73  5:43  Barracks  
  73  5:45  SCV  
  73  5:46  SCV  
  75  5:51  Barracks  
  75  5:54  Starport  
  75  5:56  Siege Tank  
  78  5:58  SCV x2  
  78  6:01  SCV  
  81  6:08  Combat Shields, Marine  
  81  6:10  SCV  
  83  6:14  Barracks, SCV x2  
  83  6:18  Supply Depot  
  85  6:19  Supply Depot  
  85  6:21  Marine  
  85  6:23  SCV  
  87  6:26  SCV x2  
  87  6:31  Armory  
  89  6:33  Marine x2  
  89  6:34  Barracks Reactor  
  89  6:35  SCV, Starport Reactor  
  92  6:41  Refinery x2, SCV x2  
  92  6:42  Supply Depot, Marine  
  92  6:43  Barracks Reactor  
  96  6:47  SCV  
  96  6:51  Marine x2  
  96  6:53  Siege Tank  
  101  6:54  SCV x2  
  101  6:58  Missile Turret  
  101  6:59  Missile Turret, SCV  
  101  7:00  Missile Turret, Marine  
  101  7:01  Missile Turret x2  
  105  7:04  Marine  
  106  7:08  Marine  
  106  7:09  SCV x2, Marine  
  106  7:10  Marine x2  
  106  7:11  SCV  
  111  7:17  Marine  
  111  7:24  Medivac, Marine x2  
  111  7:25  Medivac  
  111  7:26  Marine x2  
  111  7:27  Barracks Reactor  
  111  7:28  Marine  
  117  7:37  Marine x2  
  117  7:41  Siege Tank, Marine x2  
  117  7:42  SCV x2  
  125  7:44  Marine x2  
  125  7:45  Marine  
  122  7:54  Terran Infantry Weapons Level 2, Terran Infantry Armor Level 2  
  122  7:55  Marine x2  
  122  7:58  Factory  
  124  7:59  Marine x2  
  124  8:00  Command Center, Medivac x2  
  130  8:08  Marine x3  
  133  8:21  Supply Depot x2  
  133  8:22  Supply Depot x2  
  133  8:25  Barracks  
  133  8:26  Siege Tank, Barracks, Marine x5  
  141  8:34  Marine  
  141  8:42  Marine x3  
  141  8:44  Factory Tech Lab, Marauder, Medivac, Marine x4  
  141  8:45  Medivac  
  153  8:53  Marine  
  153  9:00  Marine x2  
  153  9:01  Marine  
  153  9:02  Marine  
  157  9:06  Marauder, Marine x3  
  157  9:08  Siege Tank x2  
  168  9:11  Marine  
  168  9:14  Supply Depot, Barracks Tech Lab x2  
  168  9:16  Supply Depot  
  169  9:18  Marine x2  
  171  9:27  Marauder  
  172  9:36  Marine x2  
  172  9:37  Marauder, Medivac, Marine x6  
  172  9:38  Medivac  
  185  9:44  Missile Turret  
  180  9:48  Marauder x2  
  166  9:54  Marine x4  
  166  9:55  Marine x3  
Tags
 
Add a new tag
Caveats
  • Supply blocks, unpowered buildings, or Contaminate may cause inaccurate times.
  • Supply counts are checked every 10 seconds.